 Dungeon Crawl Stone Soup version 0.29-a0-286-g41199d4a87 (webtiles) character file.

Game seed: 4740259472254598922

267819 Colgate the Gelid (level 19, -22/96 HPs)
             Began as a Spriggan Enchanter on Mar 16, 2022.
             Was the Champion of Vehumet.
             Killed from afar by a crystal guardian (72 damage)
             ... with a crystal bolt
             ... led by a peacekeeper
             ... on level 3 of the Vaults.
             The game lasted 04:59:57 (68356 turns).

Colgate the Gelid (Spriggan Enchanter)             Turns: 68356, Time: 04:59:58

Health: -22/96     AC:  6    Str:  4    XL:     19   Next: 36%
Magic:  18/41      EV: 24    Int: 38    God:    Vehumet [******]
Gold:   1779       SH:  9    Dex: 18    Spells: 6/53 levels left

rFire   x . .      SeeInvis +   a - +5 morningstar of Tivell {vamp, *Rage rPois rF- Int+10}
rCold   + + +      Faith    .   h - +2 buckler "Xamaicus" {Harm rC+ rN++ Stlth-}
rNeg    + + .      Spirit   .   F - +2 robe {rC+ rF+}
rPois   +          Reflect  .   s - +2 hat
rElec   .          Harm     +   i - scarf {shadows}
rCorr   .          Rampage  .   (gloves unavailable)
Will    +++..      Rage     20% (boots unavailable)
Stlth   +++.......              u - amulet of magic regeneration
HPRegen 0.26/turn               f - +6 ring of intelligence
MPRegen 0.67/turn               y - ring of ice

@: unable to drink, very slightly contaminated, studying Slings, very quick
A: very small, no large weapons, unfitting armour, see invisible, speed 3
}: 2/15 runes: serpentine, barnacled
a: Renounce Religion


You were on level 3 of the Vaults.
You worshipped Vehumet.
Vehumet was exalted by your worship.
You visited 7 branches of the dungeon, and saw 35 of its levels.
You also visited: Ice Cave and Volcano.

You collected 3490 gold pieces.
You spent 1711 gold pieces at shops.

Inventory:

Hand Weapons
 a - the +5 morningstar of Tivell (weapon) {vamp, *Rage rPois rF- Int+10}
   (You bought it in a shop on level 2 of the Orcish Mines)

   It occasionally heals its wielder for a portion of the damage dealt when it
   wounds a living foe.
   Int:       It affects your intelligence (+10).
   rF:        It makes you vulnerable to fire.
   rPois:     It protects you from poison.
   *Rage:     It berserks you when you make melee attacks (+20% chance).
 Z - the +8 mace "Cyixy" {elec, rC+}
   (You found it on level 6 of the Lair of Beasts)

   It occasionally discharges a powerful burst of electricity upon striking a
   foe.
   rC:        It protects you from cold.
Missiles
 m - 8 throwing nets {!f}
 L - 12 curare-tipped darts
Armour
 h - the +2 buckler "Xamaicus" (worn) {Harm rC+ rN++ Stlth-}
   (You found it on level 12 of the Dungeon)

   rC:        It protects you from cold.
   rN:        It greatly protects you from negative energy.
   Harm:      It increases damage dealt and taken.
   Stlth:     It makes you less stealthy.
 i - a scarf of shadows (worn)
 s - a +2 hat (worn)
 v - a +0 cloak of poison resistance
 F - a +2 robe of resistance (worn)
Magical Staves
 b - a staff of cold
Jewellery
 f - a +6 ring of intelligence (left hand)
 j - the ring "Veladoh" {+Blink Will+}
   (You found it in an ice cave)

   [ring of willpower]

   +Blink:    It lets you blink.
   Will:      It increases your willpower.
 o - a ring of wizardry
 r - the ring "Ilyqef" {Will+ MP+9 Dex+3}
   (You found it on level 2 of the Shoals)

   [ring of magical power]

   Dex:       It affects your dexterity (+3).
   MP:        It affects your magic capacity (+9).
   Will:      It increases your willpower.
 t - a ring of resist corrosion
 u - an amulet of magic regeneration (around neck)
 y - a ring of ice (right hand)
 A - a ring of positive energy
 E - a +6 ring of intelligence
 J - a ring of protection from cold
 P - a ring of fire
 T - the ring of Duonligaa {rElec rF++ Str+6 Int-5}
   (You found it on level 8 of the Dungeon)

   [ring of strength]

   Str:       It affects your strength (+6).
   Int:       It affects your intelligence (-5).
   rF:        It greatly protects you from fire.
   rElec:     It insulates you from electricity.
 U - a ring of positive energy
Wands
 d - a wand of polymorph (4)
 B - a wand of flame (61)
 D - a wand of iceblast (32) {@v2}
 G - a wand of paralysis (7)
 O - a wand of digging (9) {@v3}
 W - a wand of acid (16) {@v1}
Scrolls
 g - 10 scrolls of fear
 l - 19 scrolls of teleportation {@r3}
 w - 3 scrolls of silence
 C - a scroll of summoning
 I - a scroll of holy word
 R - 10 scrolls of blinking {@r4}
 S - 2 scrolls of fog
 X - 2 scrolls of vulnerability
Potions
 c - 4 potions of invisibility
 e - 5 potions of flight
 k - 10 potions of curing {@q1}
 n - 7 potions of haste {@q4}
 p - 4 potions of lignification
 q - 4 potions of magic
 x - 4 potions of heal wounds {@q2}
 M - 3 potions of brilliance
 N - 3 potions of ambrosia
 Q - 8 potions of mutation
 Y - 2 potions of resistance {@q5}
Miscellaneous
 z - a condenser vane
 H - a box of beasts


   Skills:
 - Level 9.0 Fighting
 - Level 5.3 Short Blades
 - Level 11.0 Dodging
 - Level 7.4 Stealth
 - Level 3.0 Shields
 + Level 17.6 Spellcasting
 - Level 9.0 Conjurations
 - Level 5.0 Hexes
 - Level 8.0 Fire Magic
 - Level 20.0 Ice Magic
 - Level 7.0 Air Magic
 - Level 7.2 Evocations


You had 6 spell levels left.
You knew the following spells:

 Your Spells              Type           Power      Damage    Failure   Level
a - Ensorcelled Hibernat  Hex/Ice        100%       N/A       1%          2
b - Tukima's Dance        Hex            64%        N/A       1%          3
c - Lightning Bolt        Conj/Air       38%        1d56      1%          5
d - Sandblast             Erth           66%        2d15      1%          1
e - Scorch                Fire           100%       2d10      1%          2
f - Dazzling Flash        Conj/Hex       100%       N/A       1%          3
g - Ozocubu's Refrigerat  Ice            67%        4d18      1%          7
h - Airstrike             Air            36%        N/A       1%          4
i - Freezing Cloud        Conj/Ice/Air   56%        6-21      1%          5
j - Starburst             Conj/Fire      39%        6d11      2%          6
k - Polar Vortex          Ice            67%        N/A       14%         9

Your spell library contained the following spells:

 Spells                   Type           Power      Damage    Failure   Level
 Ignition                 Fire           38%        3d11      71%         8
 Lehudib's Crystal Spear  Conj/Erth      30%        10d8      98%         8
 Chain Lightning          Conj/Air       38%        3d50      100%        9
 Ozocubu's Armour         Ice            100%       N/A       0%          3
 Animate Skeleton         Necr           66%        N/A       1%          1
 Apportation              Tloc           66%        N/A       1%          1
 Pain                     Necr           100%       1d9       1%          1
 Slow                     Hex            100%       N/A       1%          1
 Summon Small Mammal      Summ           100%       N/A       1%          1
 Corpse Rot               Necr/Air       100%       N/A       1%          2
 Poisonous Vapours        Pois/Air       100%       N/A       1%          2
 Static Discharge         Conj/Air       76%        N/A       1%          2
 Confusing Touch          Hex            64%        N/A       1%          3
 Portal Projectile        Hex/Tloc       100%       N/A       1%          3
 Summon Guardian Golem    Hex/Summ       51%        N/A       1%          3
 Flame Wave               Conj/Fire      78%        2d14      1%          4
 Summon Ice Beast         Ice/Summ       100%       N/A       1%          4
 Sublimation of Blood     Necr           33%        N/A       3%          2
 Wereblood                Tmut           33%        N/A       3%          2
 Silence                  Hex/Air        34%        N/A       4%          5
 Simulacrum               Ice/Necr       52%        N/A       4%          6
 Call Canine Familiar     Summ           33%        N/A       6%          3
 Gell's Gravitas          Tloc           33%        N/A       6%          3
 Lesser Beckoning         Tloc           33%        N/A       6%          3
 Spider Form              Tmut/Pois      33%        N/A       6%          3
 Teleport Other           Tloc           33%        N/A       6%          3
 Vampiric Draining        Necr           33%        2d8       6%          3
 Anguish                  Hex/Necr       25%        N/A       7%          4
 Summon Mana Viper        Hex/Summ       51%        N/A       19%         5
 Agony                    Necr           33%        N/A       47%         5
 Blade Hands              Tmut           16%        N/A       47%         5
 Excruciating Wounds      Necr           16%        N/A       47%         5
 Summon Forest            Summ/Tloc      16%        N/A       47%         5
 Summon Cactus Giant      Summ           16%        N/A       96%         6
 Monstrous Menagerie      Summ           16%        N/A       100%        7
 Summon Hydra             Summ           16%        N/A       100%        7


Dungeon Overview and Level Annotations

Branches:
Dungeon (15/15)            Temple (1/1) D:4            Lair (6/6) D:10
 Shoals (4/4) Lair:4        Snake (4/4) Lair:4        Slime (0/5) Lair:5
    Orc (2/2) D:10            Elf (0/3) Orc:2        Vaults (3/5) D:14
  Crypt (0/3) Vaults:2     Depths (0/4) D:15          IceCv (visited)
Volcano (visited)

Altars:
Ashenzari
Cheibriados
Dithmenos
Elyvilon
Fedhas
Gozag
Hepliaklqana
Kikubaaqudgha
Makhleb
Nemelex Xobeh
Okawaru
Qazlal
Ru
Sif Muna
Trog
Uskayaw
Vehumet
Wu Jian
Xom
Yredelemnul
Zin
The Shining One
Beogh

Shops:
D:3 ?   D:5 *   D:7 *   D:12 :   D:14 :   Orc:1 *   Orc:2 [:*[*:*((
Shoals:3 [   Snake:2 =:=   Snake:4 *   Vaults:2 (

Portals:
Pandemonium: Orc:2

Annotations:
D:5 kallion takana expaa
Snake:4 1 runed translucent door, Mennap's ghost, adept DjVM


Innate Abilities, Weirdness & Mutations

You are very small and have problems with some larger weapons.
You are too small for most types of armour.
You have supernaturally acute eyesight. (SInv)
You cover ground extremely quickly. (Speed+++)


Message History

You float gracefully downwards.
You are engulfed in whirling frost.
The peacekeeper bites you! You block the peacekeeper's attack.
A crystal guardian comes into view.
Casting: Polar Vortex (quite dangerous; 14% risk of failure)
Aiming: Airstrike (safe; 1% risk of failure)
Aim: a crystal guardian (empty space bonus: 3/8)
The air twists around and strikes the crystal guardian.
You are engulfed in whirling frost.
The peacekeeper barely misses you. The peacekeeper misses you.
The crystal guardian fires a crystalline bolt at you.
The crystal bolt freezes you. You resist. The peacekeeper bites you.
The peacekeeper completely misses you.
Casting: Airstrike (safe; 1% risk of failure)
Aiming: Airstrike (safe; 1% risk of failure)
Aim: a crystal guardian (lightly damaged, empty space bonus: 3/8)
The air twists around and strikes the crystal guardian.
The peacekeeper closely misses you. The peacekeeper completely misses you.
The crystal guardian fires a crystalline bolt at you.
The crystal bolt misses you. The peacekeeper bites you!
You block the peacekeeper's attack.
Here: a peacekeeper (almost destroyed)
The floor.
Unknown command.
Here: a crystal guardian (lightly damaged)
The floor.
Unknown command.
You are too injured to fight recklessly!
Casting: Ozocubu's Refrigeration (dangerous; 1% risk of failure)
You feel a surge of power!
The heat is drained from your surroundings.
You feel very cold.
The peacekeeper is frozen.
The peacekeeper resists.
You destroy the peacekeeper!
Vehumet accepts your kill.
You feel your power returning. The winds around you calm down.
The crystal guardian fires a crystalline bolt at you.
The crystal bolt burns you!!! The fire burns you terribly!
Ouch! That really hurt!
You die...

########################
........................
......................9.
................@.......
........................
........................
#########+########......
# ...... # ...... #
...... #


You could see a crystal guardian.

Vanquished Creatures
  Nikola (Vaults:2)
  Asterion (Vaults:1)
  A lich (Vaults:2)
  A sphinx (Vaults:2)
  Polyphemus (Shoals:2)
  7 nagarajas
  Ilsuiw (Shoals:2)
  6 vault wardens
  Aizul (Vaults:1)
  Louise (Shoals:2)
  5 very ugly things (Vaults:1)
  3 ironbound preservers
  A stone giant (Vaults:1)
  Nessos (Lair:6)
  6 dire elephants
  Snorg (Lair:5)
  2 crystal guardians (Vaults:3)
  3 merfolk javelineers (Shoals:2)
  A fire dragon (D:14)
  3 yaktaur captains
  A great orb of eyes (D:15)
  The ghost of Veteran the Blocker, a journeyman DDFi of Makhleb (Orc:1)
  8 merfolk impalers
  A rakshasa (D:14)
  An ice dragon (IceCv)
  4 vault guards (Vaults:1)
  4 boulder beetles
  2 peacekeepers (Vaults:3)
  10 naga warriors
  6 catoblepae
  A salamander tyrant (Snake:4)
  A demonspawn (Orc:2)
  7 hydras
  A death knight (D:13)
  2 ironbound frosthearts (Vaults:2)
  7 merfolk aquamancers
  9 anacondas
  Erica (D:8)
  Erolcha (D:10)
  2 merfolk avatars (Shoals:3)
  10 centaur warriors
  2 alligator snapping turtles (Shoals:4)
  A tengu warrior (D:13)
  11 death yaks
  12 naga sharpshooters
  2 two-headed ogres (D:13)
  Urug (Lair:6)
  5 orc high priests (Orc:2)
  2 shock serpents
  Nergalle (D:10)
  9 skeletal warriors (D:13)
  3 salamander mystics (Snake:4)
  11 sea snakes
  A sixfirhy (Orc:2)
  2 glowing orange brains (Vaults:1)
  13 deep trolls
  Pikel (D:4)
  2 wizards
  6 ironbound convokers
  14 lindwurms
  A harpy (shapeshifter) (D:11)
  24 harpies
  The ghost of nogo the Archer, a novice MiHu of Okawaru (D:7)
  6 orc knights
  8 mana vipers
  15 naga ritualists
  A deep elf pyromancer (D:14)
  A wolf spider (D:15)
  A mana viper (shapeshifter) (D:14)
  11 ugly things
  An oklob plant (Lair:1)
  8 orc sorcerers
  6 cyclopes
  12 fauns
  10 salamanders
  9 merfolk sirens
  The ghost of abdbla the Ruffian, a novice TrMo (D:3)
  14 elephants
  A moth of wrath (D:7)
  12 naga magi
  2 ice statues (IceCv)
  38 black mambas
  6 guardian serpents (Snake:4)
  41 manticores
  4 water nymphs
  A gargoyle (D:13)
  2 rust devils (Orc:2)
  A torpor snail (Lair:6)
  7 vault sentinels
  9 cane toads
  Maggie (D:8)
  A torpor snail (shapeshifter) (D:14)
  8 yaktaurs
  8 rime drakes
  A tengu conjurer (D:13)
  5 komodo dragons
  A hellwing (Orc:2)
  2 efreet
  2 ice devils (D:13)
  17 merfolk
  4 polar bears
  A red devil (Orc:2)
  A hornet (Lair:5)
  7 wind drakes
  6 trolls
  2 dream sheep (Shoals:2)
  16 slime creatures
  A tarantella (shapeshifter) (D:14)
  4 blink frogs (Lair:6)
  8 snapping turtles
  A culicivora (shapeshifter) (D:14)
  A shadow (D:12)
  Sigmund (D:6)
  66 yaks
  5 water elementals
  3 wyverns
  4 wraiths
  3 fire bats (Volcano)
  A dancing weapon (D:7)
  2 steam dragons
  5 basilisks
  A chaos spawn (Orc:2)
  Eustachio (D:6)
  13 vampire mosquitoes
  Menkaure (D:3)
  Edmund (D:6)
  5 wargs
  35 nagas
  3 acid dragons
  2 hell hounds (Volcano)
  25 water moccasins
  39 orc warriors
  A sky beast (D:6)
  An ice beast (D:7)
  2 ogres
  4 boggarts (Vaults:2)
  11 centaurs
  34 wolves
  2 lemures (D:4)
  2 phantoms (D:5)
  6 kobold brigands
  Blork the orc (D:4)
  10 bullfrogs
  3 gnoll sergeants (D:7)
  5 scorpions
  A necrophage (D:6)
  7 wights
  3 lindwurm simulacra (IceCv)
  15 killer bees
  3 electric eels
  3 howler monkeys
  8 komodo dragon simulacra (IceCv)
  A hound (D:4)
  2 jellies
  25 orc priests
  3 iguanas
  Ijyb (D:4)
  20 orc wizards
  16 hell rats
  13 gnolls
  4 acid dragon simulacra (IceCv)
  7 adders
  3 shadow imps
  2 white imps
  2 ufetubi
  6 steam dragon simulacra (IceCv)
  2 adder skeletons (D:3)
  7 dart slugs
  77 orcs
  9 bats
  2 endoplasms
  4 giant cockroaches (D:4)
  6 goblins
  9 hobgoblins
  3 jackals (D:1)
  A quokka (D:1)
  3 training dummies (Orc:2)
  5 ball pythons
  3 frilled lizards
  30 kobolds
  7 rats
  3 butterflies (Lair:4)
  A plant (Shoals:4)
1193 creatures vanquished.

Vanquished Creatures (collateral kills)
  A gnoll (D:8)
  An adder (D:6)
  An orc (D:5)
  4 kobolds
7 creatures vanquished.

Vanquished Creatures (others)
  A two-headed ogre (Volcano)
  7 dancing weapons
  A centaur (D:8)
  A kobold (D:7)
  2 bushes (Lair:6)
  83 fungi
  306 plants
401 creatures vanquished.

Grand Total: 1601 creatures vanquished

Notes
Turn   | Place    | Note
-------+----------+-------------------------------------------
     0 | D:1      | Colgate the Spriggan Enchanter began the quest for the Orb.
     0 | D:1      | Reached XP level 1. HP: 9/9 MP: 5/5
   625 | D:1      | Reached XP level 2. HP: 12/13 MP: 6/6
   637 | D:1      | Learned a level 2 spell: Ensorcelled Hibernation
  1199 | D:1      | Reached skill level 5 in Hexes
  1277 | D:1      | Reached XP level 3. HP: 16/16 MP: 5/8
  1281 | D:1      | Learned a level 3 spell: Tukima's Dance
  1442 | D:2      | Found a faded altar of an unknown god.
  1447 | D:2      | Prayed at the altar of an unknown god.
  1447 | D:2      | Became a worshipper of Vehumet
  1447 | D:2      | Reached * piety under Vehumet
  1447 | D:2      | Offered knowledge of Sandblast by Vehumet.
  1830 | D:2      | Identified the +9 hand axe of the Tent {vamp, rPois Dex+2}
  2140 | D:2      | Learned a level 3 spell: Confusing Touch
  2240 | D:3      | Reached XP level 4. HP: 21/21 MP: 11/11
  2241 | D:3      | Reached skill level 5 in Stealth
  2304 | D:3      | Noticed a scorpion
  2364 | D:3      | Killed a scorpion
  2365 | D:3      | Reached XP level 5. HP: 24/24 MP: 9/12
  2461 | D:3      | Found Qacsul's Magic Scroll Boutique.
  2468 | D:3      | Learned a level 1 spell: Sandblast
  2478 | D:3      | Found a transporter.
  2479 | D:3      | Bought a scroll of identify for 22 gold pieces
  2606 | D:3      | Bought a scroll of fear for 38 gold pieces
  2606 | D:3      | Bought a scroll of enchant weapon for 82 gold pieces
  2656 | D:3      | Found a basalt altar of Yredelemnul.
  2658 | D:3      | Noticed Menkaure
  3156 | D:3      | Found a transporter.
  3169 | D:3      | Found an ancient bone altar of Kikubaaqudgha.
  3330 | D:3      | Noticed abdbla's ghost (novice TrMo)
  3331 | D:3      | Found a runed translucent door.
  3701 | D:4      | Reached skill level 5 in Spellcasting
  3702 | D:4      | Found a blossoming altar of Fedhas.
  3715 | D:4      | Noticed Blork the orc
  3719 | D:4      | Found a white marble altar of Elyvilon.
  3719 | D:4      | Noticed an ogre
  3721 | D:4      | Killed an ogre
  3722 | D:4      | Reached XP level 6. HP: 28/28 MP: 14/16
  3796 | D:4      | Offered knowledge of Scorch by Vehumet.
  3800 | D:4      | Learned a level 2 spell: Scorch
  4183 | D:4      | Noticed Pikel
  4191 | D:4      | Killed Blork the orc
  4191 | D:4      | Reached ** piety under Vehumet
  4235 | D:4      | Killed Pikel
  4236 | D:4      | Reached XP level 7. HP: 26/32 MP: 2/20
  4443 | D:4      | Noticed Ijyb
  4450 | D:4      | Killed Ijyb
  4676 | D:4      | Found a staircase to the Ecumenical Temple.
  5128 | D:3      | Killed abdbla's ghost
  5129 | D:3      | Reached skill level 5 in Short Blades
  5129 | D:3      | Reached XP level 8. HP: 36/36 MP: 18/22
  5413 | D:3      | Found a transporter.
  5413 | D:3      | Found a basalt altar of Yredelemnul.
  5798 | D:3      | Found an ancient bone altar of Kikubaaqudgha.
  5812 | D:3      | Found a transporter.
  5836 | D:3      | Killed Menkaure
  5837 | D:3      | Reached skill level 1 in Fire Magic
  5975 | D:3      | Bought a scroll of amnesia for 38 gold pieces
  5975 | D:3      | Bought a scroll of fear for 38 gold pieces
  6000 | D:5      | Entered Level 5 of the Dungeon
  6061 | D:5      | You fall into a shaft and drop 3 floors!
  6106 | D:7      | Found a glowing silver altar of Zin.
  6106 | D:7      | Found an opulent altar of Gozag.
  6106 | D:7      | Found a shadowy altar of Dithmenos.
  6106 | D:7      | Found a snail-covered altar of Cheibriados.
  6199 | D:8      | Reached skill level 10 in Spellcasting
  6326 | D:8      | Noticed Erica
  6346 | D:8      | Killed Erica
  6347 | D:8      | Reached skill level 5 in Fire Magic
  6347 | D:8      | Reached XP level 9. HP: 28/39 MP: 17/24
  6923 | D:8      | Noticed a cyclops
  6986 | D:8      | Found an ornate altar of the Wu Jian Council.
  6986 | D:8      | Noticed Maggie
  6998 | D:8      | Learned a level 3 spell: Dazzling Flash
  7053 | D:8      | Noticed an efreet
  7058 | D:8      | Killed an efreet
  7233 | D:6      | Noticed Edmund
  7696 | Temple   | Entered the Ecumenical Temple
  8082 | D:5      | Reached skill level 1 in Evocations
  8271 | D:5      | Reached skill level 1 in Fighting
  8356 | D:5      | Offered knowledge of Static Discharge by Vehumet.
  8434 | D:5      | Found Vock's Assorted Antiques.
  8442 | D:5      | Bought a metallic blue potion for 21 gold pieces
  8550 | D:5      | Reached *** piety under Vehumet
  9584 | D:6      | Noticed Eustachio
  9587 | D:6      | Killed Eustachio
  9588 | D:6      | Reached XP level 10. HP: 46/46 MP: 23/26
  9786 | D:6      | Killed Edmund
 10096 | D:6      | Noticed Sigmund
 10102 | D:6      | Killed Sigmund
 10357 | D:6      | Learned a level 2 spell: Static Discharge
 10395 | D:7      | Offered knowledge of Airstrike by Vehumet.
 10789 | D:7      | Found Lutecuk's General Store.
 10829 | D:7      | Bought a potion of curing for 33 gold pieces
 10829 | D:7      | Bought a potion of mutation for 88 gold pieces
 10954 | D:7      | Learned a level 4 spell: Airstrike
 10981 | D:7      | Found a transporter.
 10985 | D:7      | Found a transporter.
 10993 | D:7      | Found a bloodstained altar of Trog.
 11102 | D:7      | Reached skill level 1 in Air Magic
 11406 | D:7      | Found a hide-covered altar of Uskayaw.
 11614 | D:7      | Noticed a moth of wrath
 11625 | D:7      | Noticed nogo's ghost (novice MiHu)
 12453 | D:8      | Found a shimmering altar of Xom.
 12533 | D:8      | Killed a cyclops
 13008 | D:8      | Killed Maggie
 13233 | D:8      | Identified the ring of Duonligaa {rElec rF++ Str+6 Int-5}
 13542 | D:9      | Reached **** piety under Vehumet
 13892 | D:9      | Reached skill level 5 in Air Magic
 13961 | D:9      | Found a bloodstained altar of Trog.
 13964 | D:9      | Reached XP level 11. HP: 50/50 MP: 20/28
 13975 | D:9      | Offered knowledge of Iskenderun's Battlesphere by Vehumet.
 14249 | D:9      | Reached skill level 1 in Ice Magic
 14255 | D:9      | Learned a level 5 spell: Freezing Cloud
 14525 | D:9      | Reached skill level 1 in Conjurations
 14725 | D:10     | Entered Level 10 of the Dungeon
 14756 | D:10     | Found a staircase to the Lair.
 14838 | D:10     | Noticed Erolcha
 14860 | D:10     | Killed Erolcha
 14861 | D:10     | Reached skill level 5 in Dodging
 15295 | D:10     | Noticed Nergalle
 15300 | D:10     | Killed Nergalle
 15481 | D:10     | Found a staircase to the Orcish Mines.
 15953 | D:10     | Found a staircase to the Orcish Mines.
 16133 | D:10     | Found a staircase to the Lair.
 16712 | D:11     | Noticed a harpy
 16715 | D:11     | Killed a harpy
 16716 | D:11     | Reached skill level 5 in Fighting
 17719 | D:11     | Reached ***** piety under Vehumet
 17719 | D:11     | Offered knowledge of Starburst by Vehumet.
 17885 | D:11     | Learned a level 6 spell: Starburst
 18906 | Lair:1   | Entered Level 1 of the Lair of Beasts
 19303 | Lair:1   | Noticed an eight-headed hydra
 19311 | Lair:1   | Killed an eight-headed hydra
 19312 | Lair:1   | Reached XP level 12. HP: 60/60 MP: 15/29
 19425 | Lair:1   | Noticed an eight-headed hydra
 19450 | Lair:1   | Killed an eight-headed hydra
 19788 | Lair:1   | Found an ancient bone altar of Kikubaaqudgha.
 20042 | Lair:1   | Reached skill level 5 in Conjurations
 21299 | Lair:2   | Noticed a seven-headed hydra
 21306 | Lair:2   | Killed a seven-headed hydra
 22106 | Lair:3   | Offered knowledge of Flame Wave by Vehumet.
 22113 | Lair:3   | HP: 3/63 [poisoned by a black mamba]
 22118 | Lair:3   | HP: 2/63 [poisoned by a black mamba]
 22123 | Lair:3   | HP: 2/63 [poisoned by a black mamba]
 22311 | Lair:3   | Found a dark tunnel.
 22324 | Volcano  | Entered a volcano
 22744 | Volcano  | Noticed a two-headed ogre
 22864 | Volcano  | Reached skill level 10 in Dodging
 22885 | Volcano  | Killed a two-headed ogre
 23689 | Lair:3   | Identified the +10 hand axe of the Beast {flame, rElec
                  | Stlth+}
 23895 | Lair:3   | Identified the ring of Denneod {rC- Str+7 Int+6}
 24488 | Lair:3   | Found a basalt altar of Yredelemnul.
 24938 | Lair:4   | Reached XP level 13. HP: 54/68 MP: 9/30
 25078 | Lair:4   | Found a staircase to the Shoals.
 25879 | Lair:4   | Learned a level 4 spell: Flame Wave
 25941 | Lair:4   | Offered knowledge of Lightning Bolt by Vehumet.
 26041 | Lair:4   | Found a staircase to the Snake Pit.
 26672 | Lair:4   | Found a staircase to the Snake Pit.
 26795 | Lair:4   | Found a staircase to the Shoals.
 27379 | Lair:4   | Learned a level 5 spell: Lightning Bolt
 28039 | Lair:5   | Noticed Snorg
 28186 | Lair:4   | Found a staircase to the Snake Pit.
 28293 | Lair:4   | Found a staircase to the Shoals.
 28918 | Lair:5   | Killed Snorg
 29105 | Lair:5   | Found a staircase to the Slime Pits.
 29531 | Lair:6   | Entered Level 6 of the Lair of Beasts
 30575 | Lair:6   | Noticed Nessos
 30912 | Lair:6   | Killed Nessos
 31854 | Lair:6   | Reached XP level 14. HP: 63/75 MP: 22/31
 32049 | Lair:6   | Reached skill level 2 in Ice Magic
 32275 | Lair:6   | Identified the +8 mace "Cyixy" {elec, rC+}
 32377 | Lair:6   | Reached skill level 3 in Ice Magic
 32411 | Lair:6   | Reached skill level 4 in Ice Magic
 32434 | Lair:6   | Noticed Urug
 32453 | Lair:6   | Killed Urug
 33277 | Lair:6   | Reached skill level 5 in Ice Magic
 33637 | Lair:6   | Reached skill level 6 in Ice Magic
 34353 | Lair:6   | Learned a level 7 spell: Ozocubu's Refrigeration
 34458 | Lair:6   | Identified a scroll of acquirement
 34459 | Lair:6   | Acquired the +0 lajatang of Iconoclasm {pain, *Corrode
                  | rElec Int+8}
 34826 | D:12     | Found Omoimn's Book Emporium.
 35369 | D:12     | Identified the +2 buckler "Xamaicus" {Harm rC+ rN++ Stlth-}
 35852 | Orc:1    | Entered Level 1 of the Orcish Mines
 35950 | Orc:1    | Found Ybeefud's Overcharged Wands.
 35969 | Orc:1    | Offered knowledge of Spellforged Servitor by Vehumet.
 36180 | Orc:2    | Entered Level 2 of the Orcish Mines
 36198 | Orc:2    | Found Piatouno's Firing Range.
 36474 | Orc:2    | Reached skill level 7 in Ice Magic
 37234 | Orc:2    | Found Omiqic's General Store.
 37244 | Orc:2    | Found Puliom's General Store.
 38146 | Orc:2    | Reached skill level 8 in Ice Magic
 38983 | Orc:2    | Found Risetz's Weapon Shop.
 39038 | Orc:2    | Found Xoilaas's General Store.
 39194 | Orc:2    | Found Ycveqila's Book Shoppe.
 39328 | Orc:2    | Found a staircase to the Elven Halls.
 39353 | Orc:2    | Offered knowledge of Iron Shot by Vehumet.
 39494 | Orc:2    | Reached skill level 9 in Ice Magic
 39600 | Orc:2    | Reached XP level 15. HP: 38/79 MP: 17/33
 39743 | Orc:2    | Found Cuneubrich's Book Shop.
 39743 | Orc:2    | Found Som Biem's Antique Armour Boutique.
 39744 | Orc:2    | Found a one-way gate leading to the halls of Pandemonium.
 39875 | Orc:2    | Found Nylaugh's Antique Armour Shoppe.
 40656 | Orc:1    | Found a runed translucent door.
 40656 | Orc:1    | Noticed Veteran's ghost (journeyman DDFi)
 40780 | Orc:1    | Killed Veteran's ghost
 40964 | Orc:2    | Bought the +5 morningstar of Tivell {vamp, *Rage rPois rF-
                  | Int+10} for 961 gold pieces
 41252 | D:13     | Reached skill level 10 in Ice Magic
 41400 | D:13     | Found a frozen archway.
 41451 | IceCv    | Entered an ice cave
 42294 | IceCv    | Identified the ring "Veladoh" {+Blink Will+}
 42661 | D:13     | Reached skill level 11 in Ice Magic
 43789 | D:14     | Found Bolaro's Book Shoppe.
 43825 | D:14     | Reached skill level 12 in Ice Magic
 44034 | D:14     | Reached skill level 1 in Shields
 44254 | D:14     | Found a hide-covered altar of Uskayaw.
 44605 | D:14     | Found a gate to the Vaults.
 44713 | D:15     | Entered Level 15 of the Dungeon
 45477 | D:15     | Found a staircase to the Depths.
 45825 | Snake:1  | Entered Level 1 of the Snake Pit
 46335 | Snake:1  | Reached XP level 16. HP: 84/84 MP: 25/35
 46728 | Snake:1  | Reached ****** piety under Vehumet
 46914 | Snake:1  | Offered knowledge of Lee's Rapid Deconstruction by Vehumet.
 47150 | Snake:2  | Reached skill level 13 in Ice Magic
 47716 | Snake:2  | Found a shadowy altar of Dithmenos.
 48221 | Snake:2  | Found Havitir's Jewellery Emporium.
 48222 | Snake:2  | Found Fesm's Book Boutique.
 48223 | Snake:2  | Found Heugut's Jewellery Emporium.
 48233 | Snake:2  | Bought an amulet of magic regeneration for 390 gold pieces
 48941 | Snake:3  | Reached skill level 14 in Ice Magic
 50047 | Snake:4  | Entered Level 4 of the Snake Pit
 50500 | Snake:4  | Reached skill level 15 in Ice Magic
 50521 | Snake:4  | Offered knowledge of Eringya's Noxious Bog by Vehumet.
 50908 | Snake:4  | Found Jes Gieq's CLEARANCE SALE!.
 51203 | Snake:4  | Reached skill level 15 in Spellcasting
 52402 | Snake:4  | Reached XP level 17. HP: 87/87 MP: 15/37
 53092 | Snake:4  | Found a runed translucent door.
 53288 | Snake:4  | Noticed Mennap's ghost (adept DjVM)
 53373 | Snake:4  | Reached skill level 16 in Ice Magic
 53513 | Snake:4  | Reached skill level 5 in Evocations
 53764 | Snake:4  | Got a serpentine rune of Zot
 54063 | D:7      | Killed nogo's ghost
 54392 | Shoals:1 | Entered Level 1 of the Shoals
 54405 | Shoals:1 | Offered knowledge of Lehudib's Crystal Spear by Vehumet.
 54405 | Shoals:1 | Offered knowledge of Chain Lightning by Vehumet.
 54405 | Shoals:1 | Offered knowledge of Ignition by Vehumet.
 55765 | Shoals:1 | Learned a level 9 spell: Polar Vortex
 56055 | Shoals:2 | Identified the +10 scythe of Hokkasm {drain, rPois rC- rN+
                  | Will+}
 56361 | Shoals:2 | Noticed Ilsuiw
 56368 | Shoals:2 | Killed Ilsuiw
 57059 | Shoals:2 | Noticed Polyphemus
 57062 | Shoals:2 | Killed Polyphemus
 57273 | Shoals:2 | Noticed Louise
 57287 | Shoals:2 | Killed Louise
 57345 | Shoals:2 | Identified the ring "Ilyqef" {Will+ MP+9 Dex+3}
 57546 | Shoals:3 | Reached skill level 17 in Ice Magic
 58077 | Shoals:3 | Reached XP level 18. HP: 83/92 MP: 4/39
 58195 | Shoals:3 | Found Geggi's Armour Emporium.
 58301 | Shoals:3 | Identified the +1 robe "Vepia" {Str+8}
 58587 | Shoals:4 | Entered Level 4 of the Shoals
 59320 | Shoals:4 | Reached skill level 18 in Ice Magic
 61258 | Shoals:4 | Got a barnacled rune of Zot
 63749 | Vaults:1 | Entered Level 1 of the Vaults
 63978 | Vaults:1 | Found a magical portal.
 64142 | Vaults:1 | Noticed Asterion
 64146 | Vaults:1 | Killed Asterion
 64494 | Vaults:1 | Noticed Aizul
 64497 | Vaults:1 | Killed Aizul
 64921 | Vaults:1 | Reached skill level 19 in Ice Magic
 65881 | Vaults:2 | Found Xaniycess's Weapon Shop.
 65962 | Vaults:2 | Noticed Nikola
 65969 | Vaults:2 | Killed Nikola
 66570 | Vaults:2 | Reached XP level 19. HP: 96/96 MP: 25/40
 66979 | Vaults:2 | Reached skill level 20 in Ice Magic
 67803 | Vaults:2 | Found a staircase to the Crypt.
 68356 | Vaults:3 | Killed from afar by a crystal guardian

Illustrated notes

Levels and vault maps discovered:
D:1:      grunt_arrival_crossed_arrows, layout_rooms
D:2:      layout_loops_ring, basic_ecumenical_altar
D:3:      layout_loops_cross, gammafunk_temple_of_torment, serial_shops, shop,
          gammafunk_ghost_grave
D:4:      layout_rooms, mainiacjoe_overflow_brackets, elyvilon_altar_4,
          temple_statues, serial_park_tiny_pond, minmay_manual_monstrance,
          uniq_blork_the_orc, uniq_ijyb, uniq_pikel
D:5:      layout_loops_corners, serial_shops, nicolae_shop_stone,
          serial_aquarium, aquarium_bridge_straight [aquarium_subvault_bridge,
          aquarium_subvault_window, aquarium_subvault_bridge,
          aquarium_subvault_wall], aquarium_bridge_square
          [aquarium_subvault_window, aquarium_subvault_bridge,
          aquarium_subvault_wall, aquarium_subvault_wall], aquarium_window_2,
          aquarium_window_2, aquarium_window_fake, aquarium_window_3,
          aquarium_view_2e, aquarium_balcony_double_3, st_stairs_5
D:6:      layout_loops_cross, uniq_eustachio, uniq_edmund, uniq_sigmund
D:7:      layout_loops_ring, mainiacjoe_overflow_24_doors,
          nicolae_overflow_hidden_temple, serial_shops, nicolae_shop_crystal,
          gammafunk_ghost_wrathful_warriors, serial_bayou_pond_c, sword_in_stone
D:8:      nzn_winding_woodlands_three_and_one
          [nzn_winding_woodlands_5x15_crooked,
          nzn_winding_woodlands_5x15_split_checker,
          nzn_winding_woodlands_5x15_sidewinder,
          nzn_winding_woodlands_center_diamonds], layout_loops_ring,
          amcnicky_altar_gilded, mainiacjoe_overflow_catwalk,
          grunt_decor_mini_mirrors, amcnicky_mini_corridor_feature, uniq_maggie,
          uniq_erica
D:9:      layout_irregular_city, mainiacjoe_overflow_boulevard
D:10:     layout_basic, lair_entry_dummy, orc_0_dummy, uniq_erolcha,
          uniq_nergalle
D:11:     layout_roguey, special_room [special_room_orc]
D:12:     layout_basic, serial_shops, shop, serial_bayou_crossing
D:13:     layout_rooms, portal_ice_cave_demonic_guard, grunt_ministairs_2
D:14:     nzn_motion_control, layout_long_grid, david_vaults_2, serial_shops,
          nicolae_shop_behind_doors, nicolae_uskayaw_dance_hall
D:15:     hangedman_depths_entry_try_elsewhere_first, layout_cave_pools,
          chequers_serial_rivers_micro_a
Temple:   chequers_temple_sunken
Lair:1:   layout_gridlike, lemuel_oklob_altar
Lair:2:   layout_regular_city
Lair:3:   layout_cave_pods, nicolae_volcano_entry_lava_flow, basic_altar
Lair:4:   layout_roguey, shoals_dummy_entry, minmay_snake_entry_six_corridors,
          lemuel_fruit_fields, lemuel_fruit_fields
Lair:5:   layout_misc_corridors, dpeg_slime_entry_corner, serial_bayou_shore_a,
          uniq_snorg
Lair:6:   evilmike_catoblepas_cave, layout_misc_corridors, st_stairs_3,
          serial_bayou_shore_b, grunt_megastairs_5, uniq_nessos, uniq_urug
Shoals:1: layout_shoals, nicolae_shoals_lost_giant_pillars
Shoals:2: cheibrodos_shoals_roost, layout_shoals, uniq_ilsuiw, uniq_louise,
          uniq_polyphemus
Shoals:3: layout_shoals, serial_shops, nicolae_shop_waterfront,
          nicolae_shoals_nautilus_by_nature
Shoals:4: shoals_end_grunt_garden, layout_shoals, nicolae_shoals_aquamancer_cove
Snake:1:  layout_honeycomb
Snake:2:  layout_cave_pods, basic_altar, minmay_shop_grove
Snake:3:  layout_cave_town
Snake:4:  grunt_snake_rune_serpentine_throne, layout_rooms,
          hellmonk_ghost_happy_afterlife, nicolae_shop_clearance
Orc:1:    layout_diamond_mine, ebering_ghost_reflecting_pool,
          nicolae_shop_overcharged_wands
Orc:2:    pf_orc_diabolical, layout_diamond_mine, serial_shops,
          nicolae_shop_temple_entry_statues_fountains, nicolae_shop_trees,
          nicolae_shop_statue_plus, nicolae_shop_window_shopping,
          nicolae_shop_firing_range
Vaults:1: infiniplex_enter_wizlab_spiral, vaults_room_grunt_arrival_checkpoint,
          v_pattern_4, vaults_room_large_hall, dpeg_vaults_monster_row,
          nicolae_vaults_network_star, dpeg_vaults_monster_box,
          ontoclasm_vaults_chip, nicolae_vaults_rhombus_6, vaults_dpeg_diagonal,
          vaults_room_hallway, layout_vaults_omnicross, uniq_aizul,
          uniq_asterion
Vaults:2: vaults_dpeg_spiral, ontoclasm_vaults_decontamination, v_rooms_4,
          minmay_crypt_entry_nasty_monster, v_misc_10, v_pattern_2,
          ontoclasm_vaults_loading_screen, nicolae_vaults_little_squares_3,
          hangedman_vaults_stitches, nicolae_vaults_border_crossing,
          nicolae_vaults_alarming, grunt_vaults_focal, v_misc_25,
          layout_vaults_omnibox, serial_shops, shop_statue, uniq_nikola
Vaults:3: hangedman_vaults_nodes, v_alt_pattern_6, hangedman_vaults_variations,
          vaults_room_pools, nicolae_vaults_little_squares_6,
          hangedman_vaults_stretched_pinwheel, layout_vaults_omnigrid

Skill      XL: |  1  2  3  4  5  6  7  8  9 10 11 12 13 14 15 16 17 18 19 |
---------------+----------------------------------------------------------+-----
Hexes          | 4 5 |  5.0
Spellcasting   | 4 6 9 10 11 12 13 14 15 16 17 | 17.6
Stealth        | 6 7 |  7.4
Short Blades   | 5 |  5.3
Fire Magic     | 5 6 8 |  8.0
Evocations     | 2 3 7 |  7.2
Fighting       | 2 5 8 9 |  9.0
Dodging        | 4 5 10 11 | 11.0
Air Magic      | 5 7 |  7.0
Ice Magic      | 1 9 12 15 17 19 20 | 20.0
Conjurations   | 4 5 9 |  9.0
Shields        | 2 3 |  3.0

Action                   |  1- 3 |  4- 6 |  7- 9 | 10-12 | 13-15 | 16-18 | 19-21 || total
-------------------------+-------+-------+-------+-------+-------+-------+-------++-------
Melee: Dagger            |    96 |    51 |    56 |    57 |     5 |       |       ||   265
       Scimitar          |       |       |     5 |       |       |       |       ||     5
       Punch             |       |       |       |     1 |     3 |       |       ||     4
       Hand axe          |       |       |       |     3 |   232 |       |       ||   235
       Short sword       |       |       |       |     2 |       |       |       ||     2
       Lajatang          |       |       |       |       |    15 |       |       ||    15
       Morningstar       |       |       |       |       |     1 |     1 |     1 ||     3
 Cast: Ensorcelled Hiber |    26 |    40 |    37 |    59 |     5 |       |       ||   167
       Scorch            |       |     7 |    74 |    27 |     1 |     1 |       ||   110
       Tukima's Dance    |       |     2 |    20 |    15 |     3 |     1 |       ||    41
       Confusing Touch   |       |     2 |     2 |     2 |       |       |       ||     6
       Airstrike         |       |       |       |   271 |    20 |       |     8 ||   299
       Dazzling Flash    |       |       |       |     1 |       |       |       ||     1
       Freezing Cloud    |       |       |       |    61 |   102 |     1 |       ||   164
       Starburst         |       |       |       |    25 |   277 |   102 |     4 ||   408
       Ozocubu's Refrige |       |       |       |       |    84 |   387 |    59 ||   530
       Lightning Bolt    |       |       |       |       |     2 |       |       ||     2
       Polar Vortex      |       |       |       |       |       |    19 |     5 ||    24
Evoke: Condenser vane    |       |       |     1 |       |       |       |       ||     1
  Use: Scroll            |       |     6 |     7 |    12 |    13 |     3 |       ||    41
       Potion            |       |       |     1 |       |     4 |       |       ||     5
 Stab: Sleeping          |    24 |    33 |    30 |    32 |     8 |       |       ||   127
       Confused          |       |     1 |     2 |     2 |       |       |       ||     5
       Invisible         |       |       |     2 |       |       |       |       ||     2
Armor: Robe              |    15 |     8 |     8 |       |     2 |     8 |       ||    41
       Steam dragon scal |       |       |    16 |    29 |    80 |       |       ||   125
Dodge: Dodged            |    87 |    51 |    70 |   117 |   493 |    73 |    12 ||   903
Block: Buckler           |       |       |       |       |     9 |    10 |     2 ||    21

Table legend: (Time is in decaauts)
 A = Elapsed time spent in this place.
 B = Non-inter-level travel time spent in this place.
 C = Inter-level travel time spent in this place.
 D = Time resting spent in this place.
 E = Time spent auto-exploring this place.
 F = Levels seen in this place.
 G = Mean time per level.
                   A        B        C        D        E       F      G
               +--------+--------+--------+--------+--------+-----+--------+
         Total |  55781 |  53231 |   2550 |  12971 |  32349 |  37 | 1507.6 |
       Dungeon |  18741 |  17783 |    958 |   2678 |  11985 |  15 | 1249.4 |
        Temple |    150 |    143 |      7 |      0 |    139 |   1 |  150.0 |
          Lair |  12290 |  11590 |    700 |   1356 |   8404 |   6 | 2048.3 |
        Shoals |   8367 |   8188 |    179 |   4789 |   2625 |   4 | 2091.8 |
     Snake Pit |   6677 |   6344 |    333 |   2518 |   3116 |   4 | 1669.2 |
  Orcish Mines |   4440 |   4338 |    102 |   1144 |   2560 |   2 | 2220.0 |
        Vaults |   3431 |   3163 |    268 |    192 |   2474 |   3 | 1143.7 |
      Ice Cave |    799 |    799 |      0 |    147 |    494 |   1 |  799.0 |
       Volcano |    882 |    882 |      0 |    143 |    548 |   1 |  882.0 |
               +--------+--------+--------+--------+--------+-----+--------+

Top non-repeatable levels by time:
Shoals:4: 4335 daAuts
   Orc:2: 3215 daAuts
  Lair:6: 3093 daAuts
 Snake:4: 2795 daAuts
  Lair:4: 2640 daAuts
    D:11: 2261 daAuts
  Lair:5: 2220 daAuts
     D:7: 2023 daAuts
Vaults:1: 1780 daAuts
     D:3: 1718 daAuts
 Snake:3: 1644 daAuts
  Lair:2: 1591 daAuts
Shoals:1: 1576 daAuts
  Lair:3: 1526 daAuts
    D:14: 1427 daAuts
